 Dungeon Crawl Stone Soup version 0.21.1-1-g345015f (webtiles) character file.

4962 inc the Zephyrmancer (level 10, -5/48 HPs)
             Began as a Felid Chaos Knight on Feb 23, 2018.
             Slain by Snorg (19 damage)
             ... on level 11 of the Dungeon.
             The game lasted 00:43:15 (10063 turns).

inc the Zephyrmancer (Felid Chaos Knight)          Turns: 10063, Time: 00:43:17

Health: -5/48      AC:  3    Str:  8    XL:     10   Next: 28%
Magic:  4/20       EV: 20    Int: 16    God:    Xom [....*.]
Gold:   716        SH:  0    Dex: 15    Spells: 10/21 levels left
                                        Lives:  0   Deaths: 2

rFire    . . .     SeeInvis +     - Unarmed
rCold    + . .     Gourm    .   (shield unavailable)
rNeg     . . .     Faith    .   (armour unavailable)
rPois    .         Spirit   .   (helmet unavailable)
rElec    +         Reflect  .   (cloak unavailable)
rCorr    .         Harm     .   (gloves unavailable)
MR       +....     Rnd*Tele +   (boots unavailable)
Stlth    ++++......             b - amulet of regeneration
HPRegen  0.56/turn              r - ring of teleportation
MPRegen  0.17/turn              (no ring)

@: very slightly contaminated, quick
A: very small, no armour, no weapons or thrown items, stealth, claws 1, fangs 3,
rugged brown scales 1, see invisible, carnivore, clumsy 1, cold resistance 1,
speed 1, mutation resistance 1, screaming 2, shaggy fur 2, electricity
resistance, slow metabolism 1, sharp paws
a: Renounce Religion


You were on level 11 of the Dungeon.
You worshipped Xom.
You were a beloved toy of Xom.
You were not hungry.

You visited 2 branches of the dungeon, and saw 14 of its levels.

You collected 716 gold pieces.

Inventory:

Jewellery
 b - an amulet of regeneration (around neck)
 r - a ring of teleportation (left paw)
 y - an uncursed amulet of magic regeneration {unknown}
Wands
 d - a wand of scattershot (7)
 g - a wand of digging (12)
 t - a wand of iceblast (18)
 w - a wand of flame (48)
 x - a wand of polymorph (13)
Scrolls
 h - 6 scrolls of random uselessness
 k - 3 scrolls of identify
 l - a scroll of amnesia
 m - 2 scrolls of magic mapping
 o - 6 scrolls of remove curse
 p - 7 scrolls of teleportation
Potions
 c - a potion of might
 f - 3 potions of flight
 j - a potion of brilliance
Books
 s - a Young Poisoner's Handbook

   Spells                             Type                      Level
   a - Sting                          Conjuration/Poison           1
   b - Poisonous Vapours              Poison/Air                   2
   c - Mephitic Cloud                 Conjuration/Poison/Air       3
   d - Olgreb's Toxic Radiance        Poison                       4
   e - Venom Bolt                     Conjuration/Poison           5
 u - a book of Air

   Spells                             Type                      Level
   a - Shock                          Conjuration/Air              1
   b - Swiftness                      Charms/Air                   2
   c - Static Discharge               Conjuration/Air              3
   d - Airstrike                      Air                          4
   e - Lightning Bolt                 Conjuration/Air              5
Comestibles
 a - 21 rations


   Skills:
 - Level 7.0 Fighting
 - Level 5.5 Dodging
 - Level 6.1 Stealth
 - Level 5.0 Unarmed Combat
 + Level 6.3 Spellcasting
 - Level 7.7 Conjurations
 - Level 8.0 Air Magic
 - Level 4.1 Poison Magic


You had 10 spell levels left.
You knew the following spells:

 Your Spells              Type           Power        Failure   Level  Hunger
a - Poisonous Vapours     Pois/Air       ###...       1%          2    None
b - Airstrike             Air            ####......   4%          4    ####...
c - Venom Bolt            Conj/Pois      ###.......   30%         5    #####..


Dungeon Overview and Level Annotations

Branches:
Dungeon (11/15)            Temple (0/1) D:7            Lair (3/6) D:11
 Shoals (0/4) Lair:2          Orc (0/2) D:11
  Snake: Lair:2-4    Spider: Lair:2-4

Altars:
Fedhas
Gozag
Nemelex Xobeh
Qazlal
Sif Muna
Xom
Zin

Shops:
D:9 *

Annotations:
D:2 1 runed door
D:5 letownia2's ghost, amateur GrWz
D:7 1 runed door
D:11 Snorg


Innate Abilities, Weirdness & Mutations

You cannot wear armour.
You are incapable of wielding weapons or throwing items.
Your paws allow you to move quietly. (Stealth)
You have sharp claws.
You have razor-sharp teeth.
You have supernaturally acute eyesight. (SInv)
You are carnivorous and can eat meat at any time.
You cover ground quickly.
You are covered in thick fur. (AC +2)
You have a slow metabolism.
Your sharp claws are effective at attacking unaware monsters.
You are partially covered in rugged brown scales. (AC +1, +3% HP)
You are clumsy. (Dex -2)
Your flesh is cold resistant. (rC+)
You are somewhat resistant to further mutation.
You sometimes yell uncontrollably at your foes.
You are resistant to electric shocks. (rElec)


Message History

Snorg is almost dead.
Snorg closely misses you. Snorg misses you. Snorg completely misses you.
You completely miss Snorg.
Snorg is almost dead.
Snorg looks more energetic.
You closely miss Snorg.
Snorg is almost dead.
Snorg goes berserk!
Casting: Airstrike
Confirm with . or Enter, or press ? or * to list all spells.
Aiming: Airstrike
Press: ? - help, Dir - move target cursor, f/p - Snorg
Aim: Snorg (almost dead, berserk, fast, unusually strong)
The air twists around and strikes Snorg!
Snorg is almost dead.
Snorg bites you!
* * * LOW HITPOINT WARNING * * *
Snorg claws you!!
You die...
Xom chuckles heartily!

###.###### #. .## #.#
#. ..## #.# ##'#### ..#
#.# #.....# #.# ###.#
#.....# ####.###
..#.####### #.....#
#......#
#.........###.....#
#......#
###.#####...#..T..####
#......# #.#
###.+...@.+..# #......#
#.#
###(....##.#####..>...#
#.#
#.....##............#
#.#
#.....########......#
#.# #.)...# #####.##
#.# #(....# ##...#
##.#### #.†###
##.####### ##'#####
#........# #......#


You could see Snorg (berserk).

Vanquished Creatures
  A two-headed ogre (D:11)
  An ugly thing (D:11)
  A black mamba (Lair:3)
  A spiny frog (Lair:3)
  A rime drake (Lair:3)
  A hornet (D:8)
  2 blink frogs (Lair:2)
  A hippogriff (D:9)
  7 yaks
  A wyvern (D:11)
  A basilisk (Lair:3)
  A soldier ant (shapeshifter) (D:9)
  A hungry ghost (D:9)
  An acid dragon (D:11)
  2 water moccasins
  3 porcupines
  2 orc warriors
  2 phantoms
  A sky beast (D:7)
  4 centaurs
  4 ogres
  A crocodile (D:10)
  9 bullfrogs
  2 scorpions
  3 killer bees (D:11)
  3 wights
  4 howler monkeys
  4 crimson imps
  2 centaur skeletons
  3 hounds
  3 jellies
  6 orc wizards
  4 orc priests
  3 bullfrog skeletons
  An iguana (D:5)
  11 worker ants
  A killer bee zombie (D:4)
  A worker ant zombie (D:8)
  A gnoll (D:4)
  5 adders
  3 shadow imps
  3 oozes
  An adder skeleton (D:4)
  4 worms
  A dart slug (D:3)
  3 leopard geckos
  21 orcs
  6 bats
  3 giant cockroaches
  7 goblins
  6 hobgoblins
  11 jackals
  2 kobolds
  2 quokkas
  2 ball pythons
  5 frilled lizards
  A jackal skeleton (D:4)
  A leopard gecko skeleton (D:4)
  5 rats
193 creatures vanquished.

Vanquished Creatures (collateral kills)
  Sonja (Lair:1)
  2 blink frogs (Lair:2)
  A yak (D:11)
  2 porcupines (Lair:1)
  An orc warrior (D:8)
  A centaur (D:6)
  A bullfrog (Lair:1)
  A worker ant (D:4)
  A leopard gecko (D:2)
  An orc (D:8)
  A bat (D:2)
  A jackal (D:6)
14 creatures vanquished.

Vanquished Creatures (others)
  A yak (D:9)
  A bullfrog (D:7)
  2 wights (D:6)
  A centaur skeleton (D:7)
  An orc (D:7)
  4 fungi (Lair:2)
  A plant (Lair:2)
11 creatures vanquished.

Grand Total: 218 creatures vanquished

Notes
Turn   | Place    | Note
-------+----------+-------------------------------------------
     0 | D:1      | inc the Felid Chaos Knight began the quest for the Orb.
     0 | D:1      | Reached XP level 1. HP: 10/10 MP: 2/2
   412 | D:1      | XOM: divination: detect items
   475 | D:1      | XOM: medium Summ miscast
   476 | D:1      | Noticed a neqoxec
   524 | D:2      | Reached XP level 2. HP: 14/14 MP: 3/3
   655 | D:2      | XOM: cast spell 'Summon Ice Beast'
   960 | D:2      | Reached XP level 3. HP: 6/17 MP: 4/4
  1218 | D:2      | Found a runed door.
  1306 | D:2      | Reached skill level 5 in Unarmed Combat
  1306 | D:2      | Reached XP level 4. HP: 21/21 MP: 5/5
  1543 | D:3      | Reached skill level 1 in Stealth
  1667 | D:3      | XOM: harmless Chrm miscast
  1727 | D:3      | Found a stormy altar of Qazlal.
  1797 | D:3      | XOM is BORED!
  1797 | D:3      | XOM: mild Erth miscast
  1840 | D:3      | XOM: harmless Summ miscast
  1877 | D:4      | Noticed an ogre
  1879 | D:4      | Killed an ogre
  1879 | D:4      | Reached XP level 5. HP: 24/24 MP: 6/6
  2001 | D:4      | Reached skill level 5 in Stealth
  2067 | D:4      | Noticed a phantom
  2094 | D:4      | XOM: potion effect (haste)
  2096 | D:5      | Entered Level 5 of the Dungeon
  2174 | D:4      | XOM: give mutations
  2174 | D:4      | Gained mutation: Your flesh is cold resistant. (rC+) [Xom's mischief]
  2174 | D:4      | Gained mutation: You are clumsy. (Dex -2) [Xom's mischief]
  2174 | D:4      | Gained mutation: You occasionally shout uncontrollably at your foes. [Xom's mischief]
  2178 | D:4      | XOM: harmless Tmut miscast
  2183 | D:4      | XOM: smoke on damage
  2262 | D:4      | XOM: scenery: create altars
  2268 | D:4      | XOM: summons 3 friendly demons
  2302 | D:4      | Gained mutation: You are covered in thick fur. (AC +2) [Felid growth]
  2302 | D:4      | Reached XP level 6. HP: 28/28 MP: 7/7
  2303 | D:4      | XOM: potion effect (might)
  2464 | D:4      | XOM: give mutations
  2464 | D:4      | Gained mutation: Your flesh is very cold resistant. (rC++) [Xom's grace]
  2464 | D:4      | Gained mutation: You are partially covered in rugged brown scales. (AC +1, +3% HP) [Xom's grace]
  2464 | D:4      | Gained mutation: You are resistant to electric shocks. (rElec) [Xom's grace]
  2464 | D:4      | Gained mutation: You are somewhat resistant to further mutation. [Xom's grace]
  2770 | D:5      | XOM: butterfly on damage
  2790 | D:5      | Noticed letownia2's ghost (amateur GrWz)
  2829 | D:6      | XOM: destruction
  2852 | D:6      | Reached skill level 5 in Fighting
  2859 | D:6      | XOM: harmless Summ miscast
  2909 | D:7      | Found a sparkling altar of Nemelex Xobeh.
  2927 | D:7      | Reached XP level 7. HP: 18/33 MP: 8/8
  2966 | D:7      | XOM: noise
  2975 | D:7      | XOM: god gift: glowing ring mail {god gift}
  3010 | D:7      | XOM: give mutations
  3010 | D:7      | Lost mutation: Your flesh is very cold resistant. (rC++) [Xom's mischief]
  3010 | D:7      | Gained mutation: You are dopey. (Int -2) [Xom's mischief]
  3010 | D:7      | Lost mutation: You are dopey. (Int -2) [Xom's mischief]
  3047 | D:7      | Found a runed door.
  3065 | D:7      | Noticed a sixfirhy
  3167 | D:7      | XOM: divination: detect creatures
  3175 | D:7      | XOM: confuse monster(s)
  3268 | D:6      | Found a blossoming altar of Fedhas.
  3344 | D:6      | Found a shimmering altar of Xom.
  3352 | D:6      | XOM: summons friendly quasit
  3529 | D:7      | XOM: 2-stop teleportation journey
  3626 | D:7      | Found a staircase to the Ecumenical Temple.
  3642 | D:7      | Reached skill level 5 in Dodging
  3642 | D:7      | Reached XP level 8. HP: 41/41 MP: 9/9
  3649 | D:7      | Learned a level 2 spell: Poisonous Vapours
  3705 | D:7      | XOM: enchant monster (good)
  3744 | D:7      | Reached skill level 1 in Air Magic
  3744 | D:7      | Reached skill level 1 in Poison Magic
  3916 | D:7      | XOM: destruction
  3949 | D:6      | XOM: scenery: create altars
  4135 | D:8      | Noticed a hornet
  4147 | D:7      | XOM: polymorph shadow imp -> crimson imp
  4157 | D:7      | Reached skill level 2 in Air Magic
  4515 | D:8      | XOM: enchant monster (bad)
  4523 | D:8      | XOM: blink monster(s)
  4734 | D:8      | XOM: confuse monster(s)
  4746 | D:8      | Killed a hornet
  4746 | D:8      | Reached skill level 1 in Spellcasting
  4746 | D:8      | Reached skill level 3 in Air Magic
  4840 | D:8      | XOM: scenery: create altars
  4967 | D:8      | Found a glowing silver altar of Zin.
  4968 | D:8      | Found an opulent altar of Gozag.
  5029 | D:8      | XOM: smoke on damage
  5029 | D:8      | XOM: torment (22/41 hp)
  5233 | D:8      | XOM: harmless Tloc miscast
  5390 | D:8      | Reached XP level 9. HP: 44/44 MP: 3/14
  5400 | D:8      | XOM: 2-stop teleportation journey
  5403 | D:8      | XOM: blink monster(s)
  5411 | D:8      | Reached skill level 4 in Air Magic
  5624 | D:9      | XOM: summons 2 hostile shadow creatures
  5697 | D:8      | Learned a level 4 spell: Airstrike
  5772 | D:9      | XOM: enchant monster (bad)
  5928 | D:8      | XOM: mild Chrm miscast
  6216 | D:9      | XOM: potion effect (haste)
  6239 | D:9      | Reached skill level 5 in Air Magic
  6259 | D:9      | Found Gozag's Platinum Reserve.
  6272 | D:9      | Found an opulent altar of Gozag.
  6300 | D:9      | XOM: potion effect (brilliance)
  6407 | D:9      | XOM: noise
  6419 | D:9      | XOM: 1-stop teleportation journey
  6430 | D:9      | Reached skill level 6 in Air Magic
  6459 | D:9      | XOM: harmless Summ miscast
  6512 | D:9      | XOM: medium Chrm miscast
  6523 | D:9      | XOM: confusion (+ monsters)
  6557 | D:9      | XOM: enchant monster (good)
  6559 | D:10     | Entered Level 10 of the Dungeon
  6598 | D:9      | Noticed a two-headed ogre
  6603 | D:9      | XOM: summons 2 friendly demons
  6645 | D:9      | XOM: divine lightning
  6678 | D:9      | XOM: confuse monster(s)
  6688 | D:9      | XOM: polymorph yak -> shapeshifter
  6689 | D:9      | XOM: enchant monster (good)
  6728 | D:9      | Reached skill level 7 in Air Magic
  6913 | D:9      | XOM: give mutations
  6913 | D:9      | Gained mutation: You sometimes yell uncontrollably at your foes. [Xom's mischief]
  6913 | D:9      | Gained mutation: Your body sometimes deteriorates upon taking damage. [Xom's mischief]
  6913 | D:9      | Lost mutation: Your body sometimes deteriorates upon taking damage. [Xom's mischief]
  7094 | D:10     | XOM: smoke on damage
  7155 | D:10     | XOM: potion effect (haste)
  7286 | D:11     | Reached skill level 8 in Air Magic
  7311 | D:11     | XOM: enchant monster (good)
  7369 | D:11     | XOM: god gift: 29 gold pieces
  7386 | D:11     | Learned a level 5 spell: Venom Bolt
  7435 | D:11     | XOM: divination: magic mapping
  7464 | D:11     | Reached skill level 1 in Conjurations
  7558 | D:11     | Reached XP level 10. HP: 48/48 MP: 6/15
  7660 | D:11     | Noticed Snorg
  7683 | D:11     | XOM: potion effect (berserk rage)
  7688 | D:11     | XOM: smoke on damage
  7690 | D:11     | XOM: potion effect (brilliance)
  7692 | D:11     | XOM: potion effect (haste)
  7704 | D:11     | XOM: potion effect (might)
  7711 | D:11     | Mangled by Snorg
  7712 | D:11     | Reached XP level 9. HP: -8/44 MP: 7/14
  7723 | D:11     | Noticed a cyan ugly thing
  7724 | D:11     | XOM: potion effect (magic)
  7742 | D:11     | XOM: potion effect (heal wounds)
  7759 | D:11     | Found a staircase to the Lair.
  7768 | D:11     | Killed a cyan ugly thing
  7770 | D:11     | XOM: swap monsters
  7771 | D:11     | XOM: cast spell 'Call Canine Familiar'
  7873 | D:11     | XOM: divination: detect items
  7876 | D:11     | XOM: enchant monster (bad)
  7881 | D:11     | XOM: butterfly on damage
  7881 | D:11     | HP: 1/44 [Snorg (12)]
  7882 | D:11     | XOM: confuse monster(s)
  7886 | D:11     | XOM: 3-stop teleportation journey
  8062 | D:11     | Reached skill level 5 in Conjurations
  8237 | Lair:1   | Entered Level 1 of the Lair of Beasts
  8244 | Lair:1   | XOM: cast spell 'Summon Dragon'
  8249 | Lair:1   | Noticed Sonja
  8255 | Lair:1   | Killed Sonja
  8255 | Lair:1   | Reached XP level 10. HP: 21/48 MP: 7/15
  8502 | Lair:1   | Noticed a six-headed hydra
  8507 | Lair:1   | Noticed a catoblepas
  8507 | Lair:1   | a six-headed hydra changed into a catoblepas
  8507 | Lair:1   | XOM: polymorph six-headed hydra -> catoblepas
  8510 | Lair:1   | Noticed a dire elephant
  8510 | Lair:1   | a catoblepas changed into a dire elephant
  8510 | Lair:1   | XOM: polymorph catoblepas -> dire elephant
  8534 | Lair:1   | XOM: potion effect (brilliance)
  8543 | Lair:1   | XOM: cleaving
  8550 | Lair:1   | XOM: summons friendly white imp
  8556 | Lair:1   | XOM: destruction
  8566 | Lair:1   | XOM: confuse monster(s)
  8576 | Lair:1   | Noticed a storm dragon
  8576 | Lair:1   | a dire elephant changed into a storm dragon
  8576 | Lair:1   | XOM: polymorph dire elephant -> storm dragon
  8579 | Lair:1   | XOM: confuse monster(s)
  8582 | Lair:1   | XOM: fog
  8596 | Lair:1   | XOM: harmless Hex miscast
  8658 | Lair:2   | XOM: summons 7 friendly demons
  8692 | Lair:2   | Impaled on a porcupine's spines
  8693 | Lair:2   | Reached XP level 9. HP: -2/44 MP: 1/14
  8693 | Lair:2   | Noticed a manticore
  8698 | Lair:2   | XOM: enchant monster (good)
  8812 | Lair:2   | Found a staircase to the Shoals.
  8828 | Lair:2   | XOM: enchant monster (good)
  8945 | Lair:1   | XOM: smoke on damage
  9017 | Lair:2   | Found a deep blue altar of Sif Muna.
  9088 | Lair:2   | XOM: mild Erth miscast
  9118 | Lair:3   | XOM: stealth player
  9188 | Lair:3   | XOM: mild Hex miscast
  9391 | Lair:3   | XOM: medium Hex miscast
  9425 | Lair:3   | Noticed a spiny frog
  9428 | Lair:3   | Noticed a black mamba
  9438 | Lair:3   | XOM: butterfly on damage
  9438 | Lair:3   | XOM: smoke on damage
  9461 | Lair:3   | HP: 1/44 [black mamba (13)]
  9471 | Lair:3   | XOM: cast spell 'Necromutation'
  9474 | Lair:3   | Killed a black mamba
  9474 | Lair:3   | Reached skill level 5 in Spellcasting
  9476 | Lair:3   | Killed a spiny frog
  9476 | Lair:3   | Reached XP level 10. HP: 15/48 MP: 7/19
  9657 | Lair:3   | XOM: summons friendly white imp
  9679 | Lair:2   | XOM: harmless Tloc miscast
  9681 | Lair:2   | Noticed a black mamba
  9681 | Lair:2   | a yak changed into a black mamba
  9681 | Lair:2   | XOM: polymorph yak -> black mamba
  9686 | Lair:2   | XOM: smoke on damage
  9687 | Lair:2   | XOM: cast spell 'Summon Ice Beast'
  9691 | Lair:2   | XOM: noise
  9857 | D:11     | Noticed a two-headed ogre
  9883 | D:11     | Killed a two-headed ogre
  9971 | D:11     | XOM: divination: detect creatures
  9973 | D:11     | Found a staircase to the Orcish Mines.
  9976 | D:11     | XOM: mild Air miscast
  9978 | D:11     | XOM: enchant monster (good)
 10056 | D:11     | XOM: scenery: 1 doors open, 2 doors close
 10063 | D:11     | Slain by Snorg

Skill      XL: |  1  2  3  4  5  6  7  8  9 10 |
---------------+-------------------------------+-----
Unarmed Combat | 4 5 |  5.0
Stealth        | 4 6 |  6.1
Fighting       | 5 7 |  7.0
Dodging        | 5 |  5.5
Air Magic      | 3 8 |  8.0
Poison Magic   | 3 4 |  4.1
Spellcasting   | 2 5 6 |  6.3
Conjurations   | 6 7 |  7.7

Action                   |  1- 3 |  4- 6 |  7- 9 | 10-12 || total
-------------------------+-------+-------+-------+-------++-------
Melee: Unarmed           |    82 |   160 |   331 |    30 ||   603
       Bite              |     9 |     8 |    26 |     2 ||    45
       Punch             |     1 |     5 |     6 |       ||    12
 Cast: Poisonous Vapours |       |       |   150 |    40 ||   190
       Airstrike         |       |       |    21 |     8 ||    29
       Venom Bolt        |       |       |     4 |       ||     4
  Use: Scroll            |       |     3 |    13 |       ||    16
       Potion            |       |     2 |    14 |     1 ||    17
 Stab: Sleeping          |     3 |     6 |     9 |     1 ||    19
       Distracted        |       |       |     1 |       ||     1
       Petrified         |       |       |     2 |     3 ||     5
       Confused          |       |       |     1 |       ||     1
       Paralysed         |       |       |     1 |       ||     1
  Eat: Chunk             |     1 |     1 |    20 |     4 ||    26
       Ration            |       |       |     3 |     1 ||     4
Armor: Skin              |     4 |    11 |    26 |     1 ||    42
Dodge: Dodged            |    62 |   132 |   325 |    49 ||   568
